[ AOE2 MATCH · #476593867 ]
UnrankedLithuanians vs Maya
Player's team · LOSS
Rival team · WIN
[ REPLAY ANALYSIS · EXTRACTED FROM THE RECORDED GAME ]
Feudal
8:56
Castle
25:13
Imperial
41:07
| APM avg | 73.1 |
| APM peak | 122 |
| eAPM avg | 33.4 |
| Villagers / military | 134 / 107 |
Focus
⚔️ 31.6% · 🌾 68.4%
Scout Cavalry ×27 · Knight ×26 · Skirmisher ×23 · Archer ×15 · Militia ×5 · Mangonel ×5
Feudal
8:51
Castle
24:40
Imperial
40:13
| APM avg | 62.5 |
| APM peak | 107 |
| eAPM avg | 37.2 |
| Villagers / military | 221 / 167 |
Focus
⚔️ 38.1% · 🌾 61.9%
Eagle Scout ×74 · Archer ×55 · Skirmisher ×13 · Spearman ×10 · Mangonel ×9 · Monk ×4
Match map
Initial resources + every placement click. Lines = walls · curves = elevation contours. ◆ gold · ⬟ stone · ● berries · ✦ relic · ◌ wall gap
Your base· Open — 1t gap
[R1] Duke PEÑAROL Thompson's base· Open — unwalled flank
Smoothed initial terrain · ◌ = detected wall gap · hover for details
Inputs per minute
— _Pilin69_ - - [R1] Duke PEÑAROL Thompson
Build order — _Pilin69_
First 150 of 424 actions detected
| 0:00 | Create | Villager (Male) |
| 0:00 | Create | Villager (Male) |
| 0:01 | Build | House |
| 0:02 | Build | House |
| 0:05 | Create | Villager (Male) |
| 0:05 | Create | Villager (Male) |
| 0:05 | Create | Villager (Male) |
| 0:10 | Create | Villager (Male) |
| 1:31 | Create | Villager (Male) |
| 2:11 | Build | Lumber Camp |
| 2:20 | Create | Villager (Male) |
| 2:20 | Create | Villager (Male) |
| 2:33 | Create | Villager (Male) |
| 2:33 | Create | Villager (Male) |
| 3:13 | Create | Villager (Male) |
| 3:39 | Create | Villager (Male) |
| 3:39 | Create | Villager (Male) |
| 3:39 | Create | Villager (Male) |
| 3:52 | Build | House |
| 4:11 | Create | Villager (Male) |
| 4:11 | Create | Villager (Male) |
| 4:27 | Create | Villager (Male) |
| 4:27 | Create | Villager (Male) |
| 4:58 | Build | Barracks |
| 5:33 | Create | Villager (Male) |
| 5:34 | Create | Villager (Male) |
| 5:34 | Create | Villager (Male) |
| 5:34 | Create | Villager (Male) |
| 5:35 | Create | Villager (Male) |
| 5:57 | Build | House |
| 6:05 | Build | House |
| 6:13 | Research | Loom |
| 6:17 | Research | Loom |
| 6:46 | Research | Feudal Age |
| 6:57 | Create | Militia |
| 7:24 | Build | Mining Camp |
| 7:29 | Create | Militia |
| 8:06 | Create | Militia |
| 8:18 | Build | Palisade Wall |
| 8:22 | Build | Palisade Wall |
| 8:34 | Build | House |
| 8:56 | Age | Feudal Age |
| 8:58 | Research | Man-at-Arms (upgrade) |
| 8:59 | Create | Villager (Male) |
| 9:02 | Build | House |
| 9:02 | Build | House |
| 9:25 | Build | Archery Range |
| 9:28 | Create | Villager (Male) |
| 9:48 | Create | Villager (Male) |
| 10:13 | Create | Villager (Male) |
| 10:23 | Create | Archer |
| 10:23 | Create | Archer |
| 10:31 | Create | Villager (Male) |
| 10:38 | Build | Mill |
| 10:49 | Build | Watch Tower |
| 10:51 | Create | Villager (Male) |
| 10:56 | Create | Archer |
| 11:00 | Create | Skirmisher |
| 11:59 | Create | Archer |
| 12:03 | Create | Villager (Male) |
| 12:06 | Build | Blacksmith |
| 13:02 | Create | Archer |
| 13:02 | Create | Archer |
| 13:02 | Create | Archer |
| 13:22 | Create | Villager (Male) |
| 13:24 | Build | Farm |
| 13:24 | Build | Farm |
| 13:25 | Build | House |
| 13:27 | Research | Fletching |
| 13:27 | Research | Fletching |
| 13:31 | Create | Archer |
| 13:32 | Create | Archer |
| 14:03 | Create | Villager (Male) |
| 14:04 | Build | Farm |
| 14:05 | Build | Farm |
| 14:06 | Build | Farm |
| 14:19 | Create | Skirmisher |
| 14:38 | Create | Villager (Male) |
| 14:38 | Create | Villager (Male) |
| 14:38 | Create | Villager (Male) |
| 14:39 | Build | Farm |
| 14:54 | Create | Skirmisher |
| 15:08 | Create | Skirmisher |
| 15:13 | Build | House |
| 15:15 | Create | Villager (Male) |
| 15:30 | Create | Skirmisher |
| 15:36 | Create | Villager (Male) |
| 15:37 | Build | Farm |
| 15:52 | Create | Skirmisher |
| 16:03 | Create | Villager (Male) |
| 16:04 | Build | Farm |
| 16:05 | Create | Militia |
| 16:16 | Build | House |
| 16:17 | Build | House |
| 16:18 | Create | Villager (Male) |
| 16:30 | Create | Villager (Male) |
| 16:48 | Create | Villager (Male) |
| 16:50 | Build | Lumber Camp |
| 17:10 | Create | Villager (Male) |
| 17:16 | Build | House |
| 17:17 | Build | Palisade Wall |
| 17:23 | Create | Archer |
| 17:23 | Create | Archer |
| 17:32 | Create | Villager (Male) |
| 17:37 | Create | Archer |
| 17:37 | Create | Archer |
| 17:39 | Create | Villager (Male) |
| 17:58 | Create | Archer |
| 18:22 | Create | Skirmisher |
| 18:38 | Create | Villager (Male) |
| 18:42 | Build | Stable |
| 18:51 | Create | Villager (Male) |
| 18:57 | Create | Villager (Male) |
| 18:59 | Build | Palisade Wall |
| 19:01 | Build | Farm |
| 19:02 | Build | Farm |
| 19:07 | Research | Double-Bit Axe |
| 19:20 | Build | House |
| 19:21 | Build | House |
| 19:22 | Build | Palisade Wall |
| 19:27 | Build | Farm |
| 19:36 | Create | Militia |
| 19:41 | Create | Villager (Male) |
| 19:44 | Create | Scout Cavalry |
| 19:45 | Create | Villager (Male) |
| 19:48 | Build | Farm |
| 19:54 | Build | Farm |
| 20:07 | Create | Archer |
| 20:08 | Create | Villager (Male) |
| 20:11 | Build | Farm |
| 20:35 | Build | Farm |
| 20:37 | Build | Farm |
| 20:45 | Build | Palisade Gate |
| 21:03 | Build | Farm |
| 21:05 | Build | Farm |
| 21:06 | Create | Villager (Male) |
| 21:22 | Create | Villager (Male) |
| 21:29 | Build | House |
| 21:32 | Build | Farm |
| 21:51 | Build | Market |
| 21:55 | Build | Farm |
| 22:06 | Create | Villager (Male) |
| 22:29 | Research | Castle Age |
| 23:00 | Build | Farm |
| 23:02 | Build | Farm |
| 23:21 | Create | Skirmisher |
| 23:22 | Create | Skirmisher |
| 23:42 | Build | Lumber Camp |
| 23:55 | Build | Stable |
| 23:59 | Research | Gold Mining |
Build order — [R1] Duke PEÑAROL Thompson
First 150 of 612 actions detected
| 0:01 | Research | Loom |
| 0:01 | Research | Loom |
| 0:02 | Build | House |
| 0:04 | Build | House |
| 0:06 | Create | Villager (Male) |
| 0:09 | Create | Villager (Male) |
| 0:09 | Create | Villager (Male) |
| 1:25 | Create | Villager (Male) |
| 1:25 | Create | Villager (Male) |
| 2:05 | Create | Villager (Male) |
| 2:10 | Build | Lumber Camp |
| 2:10 | Create | Villager (Male) |
| 2:10 | Create | Villager (Male) |
| 2:55 | Create | Villager (Male) |
| 3:15 | Create | Villager (Male) |
| 3:15 | Create | Villager (Male) |
| 3:24 | Create | Villager (Male) |
| 3:50 | Build | House |
| 3:53 | Build | House |
| 4:02 | Create | Villager (Male) |
| 4:17 | Create | Villager (Male) |
| 4:52 | Create | Villager (Male) |
| 4:53 | Create | Villager (Male) |
| 5:16 | Build | Mill |
| 5:27 | Create | Villager (Male) |
| 5:37 | Create | Villager (Male) |
| 6:40 | Research | Feudal Age |
| 6:41 | Research | Feudal Age |
| 7:25 | Build | Mining Camp |
| 8:29 | Build | Barracks |
| 8:32 | Create | Villager (Male) |
| 8:51 | Age | Feudal Age |
| 9:06 | Build | Palisade Wall |
| 9:07 | Build | Palisade Wall |
| 9:08 | Build | Palisade Wall |
| 9:08 | Create | Villager (Male) |
| 9:17 | Create | Villager (Male) |
| 9:24 | Build | Archery Range |
| 9:34 | Create | Villager (Male) |
| 9:38 | Build | Palisade Wall |
| 9:39 | Build | Palisade Wall |
| 9:41 | Build | Palisade Wall |
| 9:42 | Build | Palisade Wall |
| 9:42 | Create | Villager (Male) |
| 9:43 | Create | Villager (Male) |
| 9:44 | Build | Palisade Wall |
| 9:45 | Build | Palisade Wall |
| 9:45 | Create | Villager (Male) |
| 9:45 | Create | Villager (Male) |
| 9:48 | Build | Palisade Wall |
| 10:02 | Build | Palisade Wall |
| 10:03 | Build | Palisade Wall |
| 10:04 | Build | Palisade Wall |
| 10:08 | Build | Palisade Wall |
| 10:09 | Build | Palisade Wall |
| 10:11 | Create | Villager (Male) |
| 10:11 | Create | Villager (Male) |
| 10:23 | Build | Palisade Wall |
| 10:23 | Build | Palisade Wall |
| 10:24 | Build | Palisade Wall |
| 10:26 | Create | Archer |
| 10:26 | Create | Archer |
| 10:26 | Create | Archer |
| 10:36 | Build | House |
| 10:53 | Create | Villager (Male) |
| 10:53 | Create | Villager (Male) |
| 10:56 | Create | Villager (Male) |
| 10:56 | Create | Villager (Male) |
| 10:57 | Create | Villager (Male) |
| 11:14 | Create | Archer |
| 11:28 | Build | Blacksmith |
| 11:29 | Create | Villager (Male) |
| 11:33 | Build | Farm |
| 11:34 | Build | Farm |
| 11:35 | Build | Farm |
| 11:56 | Create | Archer |
| 11:57 | Create | Villager (Male) |
| 12:06 | Create | Archer |
| 12:15 | Create | Skirmisher |
| 12:21 | Research | Fletching |
| 12:21 | Create | Villager (Male) |
| 12:24 | Build | Watch Tower |
| 12:42 | Create | Skirmisher |
| 12:42 | Create | Villager (Male) |
| 12:47 | Create | Villager (Male) |
| 12:47 | Create | Villager (Male) |
| 13:02 | Build | Lumber Camp |
| 13:03 | Create | Villager (Male) |
| 13:22 | Create | Skirmisher |
| 13:27 | Create | Villager (Male) |
| 13:29 | Build | House |
| 13:35 | Create | Villager (Male) |
| 13:36 | Create | Villager (Male) |
| 13:53 | Create | Villager (Male) |
| 14:09 | Create | Skirmisher |
| 14:09 | Create | Skirmisher |
| 14:11 | Build | Farm |
| 14:16 | Create | Eagle Scout |
| 14:16 | Create | Eagle Scout |
| 14:29 | Research | Padded Archer Armor |
| 14:29 | Research | Padded Archer Armor |
| 14:33 | Build | House |
| 14:33 | Build | House |
| 14:35 | Create | Villager (Male) |
| 14:35 | Create | Villager (Male) |
| 14:35 | Create | Villager (Male) |
| 14:46 | Create | Villager (Male) |
| 14:55 | Create | Skirmisher |
| 14:55 | Create | Villager (Male) |
| 14:57 | Create | Eagle Scout |
| 14:58 | Create | Eagle Scout |
| 14:58 | Create | Eagle Scout |
| 15:10 | Build | House |
| 15:19 | Create | Skirmisher |
| 15:19 | Create | Skirmisher |
| 15:19 | Create | Skirmisher |
| 15:32 | Create | Skirmisher |
| 15:37 | Create | Skirmisher |
| 15:40 | Create | Eagle Scout |
| 15:48 | Create | Eagle Scout |
| 15:58 | Create | Spearman |
| 16:04 | Create | Villager (Male) |
| 16:06 | Build | Farm |
| 16:07 | Build | Farm |
| 16:07 | Build | Farm |
| 16:08 | Build | Farm |
| 16:16 | Create | Villager (Male) |
| 16:31 | Build | House |
| 16:33 | Build | Palisade Wall |
| 16:43 | Create | Villager (Male) |
| 16:46 | Build | House |
| 16:48 | Build | Palisade Wall |
| 16:57 | Create | Archer |
| 16:58 | Create | Archer |
| 16:59 | Create | Villager (Male) |
| 17:07 | Build | House |
| 17:13 | Create | Skirmisher |
| 17:13 | Create | Villager (Male) |
| 17:25 | Create | Villager (Male) |
| 17:25 | Create | Villager (Male) |
| 17:28 | Create | Eagle Scout |
| 17:36 | Create | Skirmisher |
| 17:40 | Create | Eagle Scout |
| 17:40 | Create | Eagle Scout |
| 17:41 | Create | Eagle Scout |
| 17:58 | Build | Farm |
| 17:58 | Build | Farm |
| 17:59 | Build | Farm |
| 17:59 | Build | Farm |
| 17:59 | Build | Farm |
Match timeline
| 4:58 | _Pilin69_ · first_building Barracks |
| 8:18 | _Pilin69_ · wall_segment Palisade Wall x1 |
| 8:22 | _Pilin69_ · wall_segment Palisade Wall x1 |
| 8:29 | [R1] Duke PEÑAROL Thompson · first_building Barracks |
| 8:51 | [R1] Duke PEÑAROL Thompson · age_up feudal |
| 8:56 | _Pilin69_ · age_up feudal |
| 9:06 | [R1] Duke PEÑAROL Thompson · wall_segment Palisade Wall x1 |
| 9:07 | [R1] Duke PEÑAROL Thompson · wall_segment Palisade Wall x1 |
| 9:08 | [R1] Duke PEÑAROL Thompson · wall_segment Palisade Wall x1 |
| 9:24 | [R1] Duke PEÑAROL Thompson · first_building Archery Range |
| 9:25 | _Pilin69_ · first_building Archery Range |
| 9:38 | [R1] Duke PEÑAROL Thompson · wall_segment Palisade Wall x1 |
| 9:39 | [R1] Duke PEÑAROL Thompson · wall_segment Palisade Wall x1 |
| 9:41 | [R1] Duke PEÑAROL Thompson · wall_segment Palisade Wall x1 |
| 9:42 | [R1] Duke PEÑAROL Thompson · wall_segment Palisade Wall x1 |
| 9:44 | [R1] Duke PEÑAROL Thompson · wall_segment Palisade Wall x1 |
| 9:45 | [R1] Duke PEÑAROL Thompson · wall_segment Palisade Wall x1 |
| 9:48 | [R1] Duke PEÑAROL Thompson · wall_segment Palisade Wall x1 |
| 10:02 | [R1] Duke PEÑAROL Thompson · wall_segment Palisade Wall x1 |
| 10:03 | [R1] Duke PEÑAROL Thompson · wall_segment Palisade Wall x1 |
| 10:04 | [R1] Duke PEÑAROL Thompson · wall_segment Palisade Wall x1 |
| 10:08 | [R1] Duke PEÑAROL Thompson · wall_segment Palisade Wall x1 |
| 10:09 | [R1] Duke PEÑAROL Thompson · wall_segment Palisade Wall x1 |
| 10:23 | [R1] Duke PEÑAROL Thompson · wall_segment Palisade Wall x1 |
| 10:23 | [R1] Duke PEÑAROL Thompson · wall_segment Palisade Wall x1 |
| 10:24 | [R1] Duke PEÑAROL Thompson · wall_segment Palisade Wall x1 |
| 16:33 | [R1] Duke PEÑAROL Thompson · wall_segment Palisade Wall x8 |
| 16:48 | [R1] Duke PEÑAROL Thompson · wall_segment Palisade Wall x3 |
| 17:17 | _Pilin69_ · wall_segment Palisade Wall x6 |
| 18:42 | _Pilin69_ · first_building Stable |
| 18:59 | _Pilin69_ · wall_segment Palisade Wall x3 |
| 19:22 | _Pilin69_ · wall_segment Palisade Wall x1 |
| 19:29 | [R1] Duke PEÑAROL Thompson · wall_segment Palisade Wall x1 |
| 22:23 | _Pilin69_ · first_market_buy 100 food |
| 22:29 | _Pilin69_ · first_market_sell 100 wood |
| 24:06 | _Pilin69_ · wall_segment Palisade Wall x5 |
| 24:27 | [R1] Duke PEÑAROL Thompson · first_market_sell 100 wood |
| 24:29 | [R1] Duke PEÑAROL Thompson · first_market_buy 100 stone |
| 24:36 | _Pilin69_ · wall_segment Palisade Wall x2 |
| 24:40 | [R1] Duke PEÑAROL Thompson · age_up castle |
| 25:06 | [R1] Duke PEÑAROL Thompson · first_building Siege Workshop |
| 25:13 | _Pilin69_ · age_up castle |
| 25:22 | _Pilin69_ · first_building Siege Workshop |
| 27:13 | [R1] Duke PEÑAROL Thompson · first_building Monastery |
| 35:54 | [R1] Duke PEÑAROL Thompson · first_building Castle |
| 37:28 | _Pilin69_ · first_building Monastery |
| 40:13 | [R1] Duke PEÑAROL Thompson · age_up imperial |
| 41:07 | _Pilin69_ · age_up imperial |
| 44:39 | _Pilin69_ · resign |
[ AI ANALYSIS · 1 CREDIT ]
What really happened in this match?
Wolo.gg analyzes every decision: build order, eco, micro, common mistakes by bracket. Personalized analysis on WhatsApp or Discord in 30 seconds.
Civ guide
Lithuanians
Perfil
Jugador #2597870